Match 37536765
Unlisted

Match 37536765
End
Vickers Machine Gun Team
Selects Australian Defense Battlegroup
Selects Australian Light Infantry Section
Australian Light Infantry Section
Construct Section Command Post
Dingo Light Scout Car
Infantry Section
Construct Platoon Command Post
6-pounder Anti-tank Gun Team
Infantry Section
Selects CMP 15cwt Supply Run
CMP 15cwt Supply Run
Construct Company Command Post
Crusader II Medium Tank
Crusader II Medium Tank
CMP 15cwt Supply Run
Selects Defensive Tactics
Selects Vehicle Over Repair
Crusader II Medium Tank
Royal Engineer Section
Royal Engineer Section
Crusader II Medium Tank
Selects Reinforced Resource Caches
Crusader II Medium Tank
Armored Vehicle Training
Selects Charged Creeping Barrage
Charged Creeping Barrage
Crusader II Medium Tank
CMP 15cwt Supply Run
Crusader II Medium Tank
Charged Creeping Barrage
Crusader II Medium Tank
Crusader II Medium Tank
Charged Creeping Barrage
Crusader II Medium Tank
Royal Engineer Section
Crusader II Medium Tank
CMP 15cwt Supply Run
shoo ed
~Fram~
=WFT=Pikkie_Noga_NL
TidaL
grumbly
fabio4516
ssd4184
matthias-sto
0
0

Comments sign in to comment!

No comments posted yet!